[Event "Titled Tuesday Blitz May 23 Early 2023"]
[White "Shuvalov, Evgenij"]
[Black "Dwilewicz, Katarzyna"]
[WhiteFideId "4187237"]
[BlackFideId "1148486"]
[WhiteElo "2080"]
[BlackElo "2065"]
[Result "1-0"]
[Round "05"]
[TimeControl "180+2"]
[Date "2023.05.23"]
[WhiteClock "0:00:47"]
[BlackClock "0:00:16"]

1. d4 Nf6 2. c4 g6 3. Nc3 Bg7 4. e4 O-O 5. Nf3 d6 6. Be2 Nbd7 7. O-O e5 8. Be3 Re8 9. d5 Nc5 10. Nd2 a5 11. a3 a4 12. Bxc5 dxc5 13. Nxa4 b6 14. b4 cxb4 15. axb4 Bd7 16. Nc3 Qe7 17. Qb3 Nh5 18. Bxh5 gxh5 19. h3 Kh8 20. Nf3 f5 21. Rxa8 Rxa8 22. Re1 f4 23. Qb2 Rg8 24. Kh2 Bf6 25. Rg1 Qg7 26. c5 Bg4 27. Qc1 Be7 28. d6 cxd6 29. c6 Be6 30. b5 Bf6 31. Qd1 Qe7 32. Nd5 Bxd5 33. Qxd5 Qc7 34. Qe6 Kg7 35. g3 Qf7 36. gxf4+ Kf8 37. Rxg8+ Qxg8 38. Qxg8+ Kxg8 39. c7 1-0


[Site "https://www.chess.com"]

[Event "Titled Tuesday Blitz May 23 Early 2023"]
[White "Ziatdinov, Raset"]
[Black "Ginzburg, Yakov"]
[WhiteFideId "2015323"]
[BlackFideId "4157176"]
[WhiteElo "2220"]
[BlackElo "2305"]
[Result "0-1"]
[Round "05"]
[TimeControl "180+2"]
[Date "2023.05.23"]
[WhiteClock "0:00:00"]
[BlackClock "0:00:12"]

1. e4 c5 2. Nf3 e6 3. d4 cxd4 4. Nxd4 Nf6 5. Nc3 Nc6 6. Ndb5 Bb4 7. Bf4 Nxe4 8. Qf3 d5 9. Nc7+ Kf8 10. Nxa8 e5 11. Bd2 Nxd2 12. Qxd5 Nxf1 13. Qxd8+ Nxd8 14. O-O-O Ne6 15. Nc7 Bxc3 16. bxc3 Nxc7 17. Rhxf1 Ke7 18. Rfe1 f6 19. f4 Bg4 20. Rd4 Be6 21. fxe5 f5 22. Rb4 b6 23. Kb2 Rc8 24. c4 g5 25. g3 Na6 26. Ra4 Bxc4 27. h4 h6 28. hxg5 hxg5 29. Rh1 Bb5 30. Ra3 Ke6 31. Re3 Nc5 32. Rh6+ Ke7 33. Rh7+ Ke6 34. Rxa7 Bc6 35. Rg7 Ne4 36. g4 Kxe5 37. gxf5 Kxf5 38. Rf7+ Ke5 39. Re7+ Kf4 40. Re1 g4 41. Rf7+ Kg5 42. Rg1 Re8 43. Rg7+ Kf5 44. R7xg4 Nc5 45. Rg5+ Ke4 46. Rg6 Ba4 47. Re1+ Kd4 48. Rg4+ Kd5 49. Rg5+ Kc4 50. Rxe8 Bxe8 51. Rg4+ Kb5 52. Kc3 Na4+ 53. Kb3 Nc5+ 54. Kb2 Na4+ 55. Kc1 Nc5 56. Rg8 Bf7 57. Rg7 Bxa2 58. Kb2 Bd5 59. Rg5 Na4+ 60. Kc1 Kc5 61. Rg4 b5 62. Kd2 Nb6 63. Kc3 Na4+ 64. Kd2 Nb6 65. Kc3 Bc4 66. Rg5+ Nd5+ 67. Kb2 b4 68. Rg7 Kb5 69. Rb7+ Kc5 70. Ra7 Nc3 71. Rc7+ Kb5 72. Rh7 Na4+ 73. Kc1 Nc5 74. Kb2 Bd5 75. Rh5 Kc6 76. Rh6+ Kb5 77. Rh5 Kc4 78. Rh4+ Be4 79. Rh3 Na4+ 80. Kc1 Nc5 81. Rh4 Kd4 82. Kb2 Kc4 83. Rg4 Kd4 84. Rh4 Ke3 85. c3 Na4+ 86. Kb3 bxc3 87. Kxa4 c2 88. Rh1 Bxh1 0-1


[Site "https://www.chess.com"]

[Event "Titled Tuesday Blitz May 23 Early 2023"]
[White "Martic, Ivan"]
[Black "Vargas, Gabriela"]
[WhiteFideId "929301"]
[BlackFideId "3700860"]
[WhiteElo "2360"]
[BlackElo "2057"]
[Result "1/2-1/2"]
[Round "05"]
[TimeControl "180+2"]
[Date "2023.05.23"]
[WhiteClock "0:00:17"]
[BlackClock "0:00:16"]

1. e4 e6 2. d4 d5 3. e5 c5 4. c3 Nc6 5. Nf3 Qb6 6. a3 Nh6 7. b4 cxd4 8. cxd4 Nf5 9. Be3 Be7 10. Bd3 Nxe3 11. fxe3 Bd7 12. O-O Rc8 13. Nbd2 Nb8 14. Kh1 Rc3 15. Qe2 O-O 16. e4 Rxd3 17. Qxd3 Bb5 18. Qe3 Bxf1 19. Rxf1 dxe4 20. Nxe4 Nc6 21. h3 Rd8 22. Nc5 Bxc5 23. dxc5 Qb5 24. Qf2 h6 25. Kh2 Rd5 26. Re1 Qd3 27. Re3 Qf5 28. Qg3 Rd3 29. Rxd3 Qxd3 30. b5 Qxb5 31. Qf2 Qb3 32. Qd2 Qxa3 33. Qd7 Qxc5 34. Qxb7 a5 35. h4 a4 36. Qa8+ Kh7 37. Qxa4 Nxe5 38. Qe4+ Ng6 39. g4 Qd6+ 40. Kh1 Qf4 41. Qxf4 Nxf4 42. h5 g6 43. hxg6+ fxg6 44. Kh2 Kg7 45. Kg3 Nd3 46. Nd2 Kf6 47. Kf3 Ne5+ 48. Kf4 g5+ 49. Kg3 Nd3 50. Nc4 e5 51. Nd6 Nc5 52. Kf3 Ke6 53. Nf5 e4+ 54. Ke3 Ke5 55. Nxh6 Ne6 56. Nf7+ Kd5 57. Nh6 Nd4 58. Nf7 Ne6 59. Nh6 Nd4 60. Nf7 Nc2+ 61. Kd2 Nd4 62. Nxg5 Nf3+ 63. Nxf3 exf3 64. Ke3 Ke5 65. Kxf3 Ke6 66. Ke4 Kf6 67. Kf4 Kg6 68. g5 Kg7 69. Kf5 Kf7 70. Ke4 Kg6 71. Kf4 Kg7 72. Kg3 Kg6 73. Kh4 Kg7 74. Kh5 Kh7 75. g6+ Kg7 76. Kg5 Kg8 77. Kg4 Kg7 78. Kf5 Kg8 79. Kf6 Kf8 80. Ke5 Kg7 81. Kf5 Kg8 82. g7 Kxg7 1/2-1/2


[Site "https://www.chess.com"]

[Event "Titled Tuesday Blitz May 23 Early 2023"]
[White "Melikhov, Evgeny V."]
[Black "Lehtosaari, Mauri"]
[WhiteFideId "4122046"]
[BlackFideId "501999"]
[WhiteElo "2158"]
[BlackElo "2497"]
[Result "0-1"]
[Round "05"]
[TimeControl "180+2"]
[Date "2023.05.23"]
[WhiteClock "0:00:00"]
[BlackClock "0:00:07"]

1. d4 d5 2. c4 c6 3. Nc3 Nf6 4. e3 g6 5. Nf3 Bg7 6. Be2 O-O 7. O-O e6 8. Bd2 b6 9. Rc1 Bb7 10. Qb3 Nbd7 11. a4 Rb8 12. Qa2 dxc4 13. Bxc4 a6 14. Be2 c5 15. Rfd1 Qe7 16. Ne5 Nxe5 17. dxe5 Nd5 18. f4 Nb4 19. Qb1 Rfd8 20. Ne4 Bxe4 21. Qxe4 a5 22. Bb5 Bf8 23. Be1 h6 24. Rd2 Rxd2 25. Bxd2 Rd8 26. Be1 Rd5 27. Bc4 Rd7 28. Bb5 Rd8 29. h3 Rd5 30. Bc4 Rd8 31. Bb5 Qc7 32. Bh4 Be7 33. Bxe7 Qxe7 34. Kh2 Rd2 35. Re1 Rxb2 36. Rd1 Qh4 0-1


[Site "https://www.chess.com"]

[Event "Titled Tuesday Blitz May 23 Early 2023"]
[White "Goswami, Vedant"]
[Black "Khamdamova, Afruza"]
[WhiteFideId "5003725"]
[BlackFideId "14210444"]
[WhiteElo "2011"]
[BlackElo "2312"]
[Result "0-1"]
[Round "05"]
[TimeControl "180+2"]
[Date "2023.05.23"]
[WhiteClock "0:00:00"]
[BlackClock "0:01:12"]

1. b3 e5 2. Bb2 Nc6 3. e3 d5 4. Bb5 Bd6 5. Nf3 Qe7 6. d4 e4 7. Ne5 Bd7 8. Nxd7 Qxd7 9. c4 Nf6 10. cxd5 Nxd5 11. a3 O-O 12. Nd2 Qf5 13. Bc4 Nce7 14. Qc2 Nf6 15. h3 Rad8 16. Rf1 c5 17. O-O-O b5 18. Bxb5 cxd4 19. Bc4 d3 20. Qc3 Ned5 21. Qd4 Be7 22. Bxd5 Rxd5 23. Qa4 Rc8+ 24. Kb1 Ra5 25. Qd4 Bxa3 26. Rc1 Bxb2 27. Kxb2 Rac5 28. Rxc5 Qxc5 29. Qxc5 Rxc5 30. Nc4 g6 31. f3 exf3 32. gxf3 Nd5 33. e4 Nb6 0-1


[Site "https://www.chess.com"]

[Event "Titled Tuesday Blitz May 23 Early 2023"]
[White "Rios Escobar, Adan"]
[Black "Kopczynski, Michal"]
[WhiteFideId "3403645"]
[BlackFideId "1124200"]
[WhiteElo "2455"]
[BlackElo "2212"]
[Result "0-1"]
[Round "05"]
[TimeControl "180+2"]
[Date "2023.05.23"]
[WhiteClock "0:00:08"]
[BlackClock "0:00:12"]

1. d4 Nf6 2. g3 g6 3. Bg2 Bg7 4. e4 d6 5. Ne2 O-O 6. O-O e5 7. Nbc3 Nc6 8. dxe5 Nxe5 9. f4 Nc6 10. h3 Be6 11. a4 Qc8 12. Kh2 Ne8 13. Be3 f5 14. Nd4 Nxd4 15. Bxd4 Nf6 16. e5 dxe5 17. Bxe5 c6 18. Qd6 Rd8 19. Qe7 Re8 20. Qb4 a5 21. Qd6 Rd8 22. Qe7 Re8 23. Qd6 Rd8 24. Qe7 Re8 25. Qa3 Nd5 26. Bxg7 Kxg7 27. Rae1 Nb4 28. Ne2 Qd8 29. Qc3+ Qf6 30. Nd4 Bf7 31. Qc5 Rxe1 32. Rxe1 Rd8 33. Re5 Qd6 34. c3 Qxc5 35. Rxc5 Nd3 36. Rxa5 Nxb2 37. Ra7 c5 38. Rxb7 cxd4 39. Rxb2 dxc3 40. Rc2 Rd2 41. Rxd2 cxd2 42. Bf3 Bb3 43. a5 d1=Q 44. Bxd1 Bxd1 45. a6 Bf3 46. a7 Kf6 47. g4 Ke7 48. Kg3 Ba8 49. Kh4 Kf6 50. Kg3 h6 51. Kh4 Ke6 52. Kg3 Kd5 53. gxf5 gxf5 54. Kh4 Ke4 55. Kh5 Kxf4 56. h4 Kg3 57. Kxh6 Kxh4 58. Kg6 f4 59. Kf6 f3 60. Ke7 f2 61. Kd8 f1=Q 62. Kc8 Qf3 63. Kc7 Qb7+ 64. Kd6 Qxa7 65. Ke5 Qb7 66. Kf5 Kh5 67. Kf4 Qe4+ 68. Kg3 Qf3+ 69. Kh2 Qg2# 0-1


[Site "https://www.chess.com"]

[Event "Titled Tuesday Blitz May 23 Early 2023"]
[White "Topalov, Aleksandar"]
[Black "Castellanos Gomez, Alejandro"]
[WhiteFideId "925659"]
[BlackFideId "22284141"]
[WhiteElo "2151"]
[BlackElo "2158"]
[Result "0-1"]
[Round "05"]
[TimeControl "180+2"]
[Date "2023.05.23"]
[WhiteClock "0:00:11"]
[BlackClock "0:00:03"]

1. b3 d5 2. Bb2 Bf5 3. Nf3 e6 4. g3 Nf6 5. Bg2 Be7 6. O-O O-O 7. d3 c5 8. Ne5 Nbd7 9. Nxd7 Qxd7 10. Nd2 Rad8 11. a4 Qc7 12. e3 Rfe8 13. Qe2 Bg4 14. f3 Bh5 15. e4 Bg6 16. e5 Nd7 17. f4 f6 18. Bh3 Nf8 19. Rae1 f5 20. g4 a6 21. gxf5 Bxf5 22. Bxf5 exf5 23. Nf3 Ne6 24. Bc1 c4 25. dxc4 dxc4 26. Kh1 Rc8 27. Ng5 Qc6+ 28. Qg2 Bxg5 29. fxg5 g6 30. b4 Qxa4 31. c3 Qc6 32. Qxc6 Rxc6 33. Rd1 Kf7 34. Be3 Re7 35. h4 Rcc7 36. Kg2 Red7 37. Kf3 Ke7 38. h5 Rxd1 39. Rxd1 Rd7 40. Rh1 Kd8 41. hxg6 hxg6 42. Bb6+ Ke8 43. Rh8+ Kf7 44. Rh7+ Ng7 45. Bd4 Kg8 46. e6 Rxd4 47. Rxg7+ Kxg7 48. cxd4 Kf8 49. d5 Ke7 50. Ke3 b5 51. Kd4 Kd6 52. Ke3 Ke7 53. Kd4 f4 54. Ke4 c3 55. Kxf4 c2 56. Ke5 c1=Q 57. d6+ Ke8 58. Kf6 Qf1+ 59. Kxg6 Qf4 60. d7+ Ke7 61. Kh7 Qxg5 62. Kh8 Qf6+ 63. Kh7 Qxe6 0-1


[Site "https://www.chess.com"]

[Event "Titled Tuesday Blitz May 23 Early 2023"]
[White "Smiechu"]
[Black "Rottenwohrer Suarez, Juan"]
[BlackFideId "32068182"]
[WhiteElo "2313"]
[BlackElo "2174"]
[Result "0-1"]
[Round "05"]
[TimeControl "180+2"]
[Date "2023.05.23"]
[WhiteClock "0:01:02"]
[BlackClock "0:00:21"]

1. e4 c5 2. Nf3 g6 3. d4 cxd4 4. Nxd4 Nc6 5. Nc3 Bg7 6. Be3 Nf6 7. Bc4 O-O 8. Bb3 d5 9. exd5 Na5 10. Nde2 a6 11. h3 b5 12. O-O Bb7 13. d6 exd6 14. Nf4 Rc8 15. Ncd5 Nxb3 16. axb3 Nxd5 17. Nxd5 Bxb2 18. Bd4 Bxd4 19. Qxd4 Bxd5 20. Qxd5 Rc5 21. Qd3 Rc6 22. Rfe1 Qf6 23. Qd5 Rxc2 24. Rf1 Rxf2 25. Rxf2 Qxa1+ 26. Rf1 Qe5 27. Qb7 a5 28. Kh1 a4 29. bxa4 bxa4 30. Qa7 Qe4 31. Rd1 d5 32. Rd4 Qe1+ 33. Kh2 Qe5+ 34. Kg1 Rc8 35. Qxa4 Rc1+ 36. Rd1 Qe3+ 37. Kh2 Rxd1 38. Qxd1 d4 39. Qa1 d3 40. Qa8+ Kg7 41. Qa1+ Kh6 42. g4 d2 43. Qa5 d1=Q 0-1


[Site "https://www.chess.com"]

[Event "Titled Tuesday Blitz May 23 Early 2023"]
[White "Jiganchine, Roman"]
[Black "Heinemann, Josefine"]
[WhiteFideId "2603667"]
[BlackFideId "12900460"]
[WhiteElo "2307"]
[BlackElo "2342"]
[Result "0-1"]
[Round "05"]
[TimeControl "180+2"]
[Date "2023.05.23"]
[WhiteClock "0:00:00"]
[BlackClock "0:01:37"]

1. e4 c6 2. d4 d5 3. exd5 cxd5 4. Nf3 Nc6 5. c4 Nf6 6. Nc3 e6 7. cxd5 Nxd5 8. Bd3 Be7 9. O-O O-O 10. Re1 Bf6 11. Be4 Nce7 12. Ne5 b6 13. Qf3 Bb7 14. Qh3 g6 15. Bh6 Bg7 16. Bxg7 Kxg7 17. Ng4 h5 18. Ne5 Rb8 19. Rad1 Nxc3 20. bxc3 Bxe4 21. Rxe4 Qd5 22. Ree1 b5 23. Nd3 Rbc8 24. Nf4 Qf5 25. Qg3 Nd5 26. Nxd5 Qxd5 27. Re5 Qxa2 28. d5 Rfd8 29. Qe3 Rxd5 30. Rexd5 exd5 31. Qe5+ Kg8 32. h4 Qc4 33. Rxd5 Qxh4 0-1


[Site "https://www.chess.com"]

[Event "Titled Tuesday Blitz May 23 Early 2023"]
[White "Osinovsky, Stepan"]
[Black "Estremera Panos, Sergio"]
[WhiteFideId "4157354"]
[BlackFideId "2200864"]
[WhiteElo "2222"]
[BlackElo "2253"]
[Result "0-1"]
[Round "05"]
[TimeControl "180+2"]
[Date "2023.05.23"]
[WhiteClock "0:00:00"]
[BlackClock "0:00:43"]

1. Nf3 d5 2. g3 Nf6 3. Bg2 Bf5 4. O-O c6 5. d3 h6 6. Nbd2 e6 7. b3 Be7 8. Bb2 O-O 9. c4 Nbd7 10. Rc1 a5 11. a3 c5 12. cxd5 exd5 13. e4 Bh7 14. e5 Ne8 15. d4 b6 16. Re1 Nc7 17. Nf1 Ne6 18. Ne3 cxd4 19. Nxd4 Ndc5 20. Nc6 Qe8 21. Nxd5 Bg5 22. f4 Qxc6 23. fxg5 Qb5 24. gxh6 Nd3 25. hxg7 Rfd8 26. Nf6+ Kxg7 27. Nh5+ Kh8 0-1


[Site "https://www.chess.com"]

[Event "Titled Tuesday Blitz May 23 Early 2023"]
[White "Simonovic, Miroslav"]
[Black "Kielinkei"]
[WhiteFideId "919152"]
[WhiteElo "2042"]
[BlackElo "2441"]
[Result "0-1"]
[Round "05"]
[TimeControl "180+2"]
[Date "2023.05.23"]
[WhiteClock "0:00:00"]
[BlackClock "0:00:12"]

1. d4 Nf6 2. Bg5 c5 3. Bxf6 gxf6 4. d5 Qb6 5. Nd2 Qxb2 6. e4 d6 7. Rb1 Qc3 8. Bb5+ Bd7 9. Bxd7+ Nxd7 10. Rxb7 Nb6 11. Ne2 Qa5 12. O-O O-O-O 13. Rxb6 axb6 14. Nb3 Qa6 15. a4 Kc7 16. Nc3 e6 17. Qh5 Rd7 18. Nb5+ Kb7 19. Ra1 h6 20. c4 Rg8 21. h4 Bg7 22. Ra3 f5 23. exf5 exd5 24. f6 Bxf6 25. Qxd5+ Kb8 26. a5 Bb2 27. Ra2 Be5 28. g3 Qb7 29. Qd3 d5 30. a6 Qc6 31. a7+ Ka8 32. Qf3 Qb7 33. Qf5 Bxg3 34. fxg3 Rxg3+ 35. Kh2 Rxb3 0-1


[Site "https://www.chess.com"]

[Event "Titled Tuesday Blitz May 23 Early 2023"]
[White "Ramirez Vido, Robert Yorisan"]
[Black "Cardozo Munar, Carlos Eduardo"]
[WhiteFideId "3513823"]
[BlackFideId "4409477"]
[WhiteElo "2437"]
[BlackElo "2067"]
[Result "1-0"]
[Round "05"]
[TimeControl "180+2"]
[Date "2023.05.23"]
[WhiteClock "0:00:16"]
[BlackClock "0:00:00"]

1. e4 e6 2. d3 d5 3. Nd2 Nf6 4. Ngf3 c5 5. g3 Nc6 6. Bg2 Be7 7. O-O b5 8. Re1 a5 9. exd5 Nxd5 10. d4 cxd4 11. Nb3 O-O 12. Nfxd4 Nxd4 13. Nxd4 b4 14. Nc6 Qb6 15. Nxe7+ Nxe7 16. Bxa8 Rd8 17. Be3 Qc7 18. Qe2 Bd7 19. Bg2 Rc8 20. Rad1 h6 21. Bf4 Qa7 22. c3 bxc3 23. bxc3 Ba4 24. Rd4 Be8 25. Qd2 g5 26. Be3 Qc7 27. h4 Nf5 28. Rg4 f6 29. hxg5 hxg5 30. Bxg5 Bh5 31. Bf4+ Bxg4 32. Bxc7 Rxc7 33. Rxe6 Rf7 34. Be4 Ng7 35. Ra6 Re7 36. Bg6 Ne6 37. Qh6 1-0


[Site "https://www.chess.com"]

[Event "Titled Tuesday Blitz May 23 Early 2023"]
[White "Necula, Iulian"]
[Black "Gatterer, Florian"]
[WhiteFideId "1232380"]
[BlackFideId "811688"]
[WhiteElo "1790"]
[BlackElo "2221"]
[Result "1/2-1/2"]
[Round "05"]
[TimeControl "180+2"]
[Date "2023.05.23"]
[WhiteClock "0:02:36"]
[BlackClock "0:02:24"]

1. d4 c6 2. Nc3 d5 3. Bf4 Nf6 4. e3 g6 5. h4 h5 6. Qd2 b5 7. a3 a5 8. Nf3 Bf5 9. Ne5 Qc8 10. Bd3 Nbd7 11. O-O 1/2-1/2


[Site "https://www.chess.com"]

[Event "Titled Tuesday Blitz May 23 Early 2023"]
[White "KSho99"]
[Black "Boyer, Mahel"]
[BlackFideId "45102422"]
[WhiteElo "2165"]
[BlackElo "2439"]
[Result "0-1"]
[Round "05"]
[TimeControl "180+2"]
[Date "2023.05.23"]
[WhiteClock "0:00:04"]
[BlackClock "0:00:56"]

1. d4 d6 2. e4 Nf6 3. Nc3 e5 4. Nf3 Nbd7 5. Rg1 g6 6. g4 Bg7 7. g5 Nh5 8. Be3 c6 9. Qd2 Qa5 10. Bc4 Qc7 11. Bb3 b5 12. a4 b4 13. Ne2 a5 14. O-O-O Ba6 15. Ng3 Nxg3 16. hxg3 c5 17. dxe5 Nxe5 18. Nxe5 dxe5 19. Qd6 Qxd6 20. Rxd6 c4 21. Ba2 O-O 22. Bb6 Rfc8 23. Rgd1 b3 24. cxb3 Bb7 25. bxc4 Bxe4 26. c5 h5 27. Rd7 Rf8 28. R1d6 Bf5 29. Re7 h4 30. gxh4 Rac8 31. Kd2 e4 32. Ke3 Bxb2 33. Bxa5 Bc1+ 34. Ke2 Bf4 35. Rb6 Rxc5 36. Bb4 Rc2+ 37. Kd1 Rxa2 38. a5 Rc8 39. Rbb7 Rc1# 0-1


[Site "https://www.chess.com"]

[Event "Titled Tuesday Blitz May 23 Early 2023"]
[White "Ovezdurdyyeva, Jemal"]
[Black "Sadubayev, Airat"]
[WhiteFideId "14001888"]
[BlackFideId "13713264"]
[WhiteElo "2043"]
[BlackElo "2157"]
[Result "1-0"]
[Round "05"]
[TimeControl "180+2"]
[Date "2023.05.23"]
[WhiteClock "0:00:12"]
[BlackClock "0:00:00"]

1. e4 c6 2. d4 d5 3. Nc3 dxe4 4. Nxe4 Nf6 5. Ng3 Qc7 6. Be2 g6 7. Bg5 Bg7 8. Qd2 O-O 9. O-O-O Nbd7 10. h4 e5 11. h5 exd4 12. Bh6 d3 13. Bxd3 Ne5 14. N1e2 Nxd3+ 15. cxd3 Be6 16. Bxg7 Kxg7 17. Qc3 h6 18. Ne4 Qe7 19. Nd4 Rad8 20. Rde1 c5 21. Nf3 b5 22. Nfg5 b4 23. Qe5 Rd5 24. Nxe6+ fxe6 25. Qg3 Nxe4 26. Qxg6+ Kh8 27. Qxh6+ Kg8 28. Rxe4 Rf6 29. Rg4+ Kf7 30. Rg7+ Ke8 31. Rxe7+ Kxe7 32. Qg7+ Rf7 33. Qg3 c4 34. dxc4 Rc5 35. h6 Rxc4+ 36. Kb1 b3 37. axb3 Rc8 38. Qg5+ Kd7 39. Rd1+ Kc6 40. Qg6 Rxf2 41. Qxe6+ Kb7 42. Qe4+ Ka6 43. h7 1-0


[Site "https://www.chess.com"]

[Event "Titled Tuesday Blitz May 23 Early 2023"]
[White "Artemenko, Oleg"]
[Black "littlepillow2010"]
[WhiteFideId "14201798"]
[WhiteElo "2287"]
[BlackElo "2334"]
[Result "0-1"]
[Round "05"]
[TimeControl "180+2"]
[Date "2023.05.23"]
[WhiteClock "0:00:41"]
[BlackClock "0:00:18"]

1. d4 d5 2. c4 e6 3. Nc3 Nf6 4. cxd5 exd5 5. Bg5 Be7 6. e3 O-O 7. Bd3 c6 8. Qc2 h6 9. Bh4 Na6 10. Nf3 Nb4 11. Qe2 Nxd3+ 12. Qxd3 Ne4 13. Nxe4 Bxh4 14. Nc5 Be7 15. Ne5 Qc7 16. f4 b6 17. Nb3 a5 18. O-O Ba6 19. Qc2 Bxf1 20. Rxf1 c5 21. Rf3 Rac8 22. dxc5 bxc5 23. Rg3 Kh8 24. Qf5 Bf6 25. Ng4 Bxb2 26. Rh3 Qd6 27. Qc2 Qg6 28. f5 Qxg4 29. Rg3 Qb4 30. Qxb2 Qe1# 0-1


[Site "https://www.chess.com"]

[Event "Titled Tuesday Blitz May 23 Early 2023"]
[White "Ambartsumova, Karina"]
[Black "Pg, Mohd Omar Ak Hira"]
[WhiteFideId "4166299"]
[BlackFideId "10500103"]
[WhiteElo "2240"]
[BlackElo "2167"]
[Result "1-0"]
[Round "05"]
[TimeControl "180+2"]
[Date "2023.05.23"]
[WhiteClock "0:00:12"]
[BlackClock "0:00:04"]

1. e4 c5 2. Nf3 a6 3. c4 d6 4. d4 cxd4 5. Nxd4 Nf6 6. Nc3 g6 7. Be3 Ng4 8. Bc1 Bg7 9. Be2 Nf6 10. O-O O-O 11. Be3 Nbd7 12. Rc1 Nc5 13. f3 Bd7 14. Qd2 Re8 15. b4 Ne6 16. Nb3 h5 17. f4 Nf8 18. f5 h4 19. a3 h3 20. g3 gxf5 21. exf5 Bc6 22. Nd5 N8h7 23. Bb6 Qd7 24. Bf3 Rac8 25. Nd4 Kh8 26. Bh1 Nh5 27. Rce1 e5 28. fxe6 fxe6 29. Nxc6 exd5 30. Nd4 dxc4 31. Nf5 Bf6 32. Bd4 Rxe1 33. Qxe1 Rf8 34. Qd2 Qf7 35. Qc3 Bxd4+ 36. Qxd4+ Qf6 37. Qxc4 Ng7 38. Ne3 Qe7 39. Rxf8+ Qxf8 40. Qe4 Qf7 41. Bf3 Ng5 42. Qh4+ Nh7 43. Be4 Ne6 44. Nd5 Ng5 45. Bxh7 Nxh7 46. Qe4 Kg7 47. Qd4+ Nf6 48. Nxf6 Qxf6 49. Qg4+ Kf7 50. Qd7+ Kg6 51. Qxh3 Qa1+ 52. Kg2 Qb2+ 53. Kg1 Qxa3 54. Qg4+ Kf7 55. Qf4+ Ke7 56. Qe4+ Kd7 57. Qxb7+ Ke6 58. Qe4+ Kd7 59. Kg2 Qb2+ 60. Kh3 Qh8+ 61. Kg2 Qb2+ 62. Kh3 Qh8+ 63. Qh4 Qe5 64. Qg4+ Kc6 65. Kg2 Qb2+ 66. Kf3 Kb5 67. h4 Qc3+ 68. Kg2 Qd2+ 69. Kh3 Qe1 70. Qf5+ Kxb4 71. h5 Qh1+ 72. Kg4 Qd1+ 73. Kg5 Qd2+ 74. Qf4+ Qxf4+ 75. gxf4 d5 76. h6 d4 77. h7 d3 78. h8=Q d2 79. Qb2+ Kc4 80. Qxd2 Kb3 81. Qa5 1-0


[Site "https://www.chess.com"]

[Event "Titled Tuesday Blitz May 23 Early 2023"]
[White "Kiremitciyan, Ari"]
[Black "Blokhin, Sofia"]
[WhiteFideId "6373445"]
[BlackFideId "4508190"]
[WhiteElo "2181"]
[BlackElo "1994"]
[Result "1-0"]
[Round "05"]
[TimeControl "180+2"]
[Date "2023.05.23"]
[WhiteClock "0:01:33"]
[BlackClock "0:00:06"]

1. e4 c5 2. Nc3 e6 3. Nf3 a6 4. d4 cxd4 5. Nxd4 Qc7 6. Bd3 Nf6 7. O-O b5 8. a3 Bb7 9. Qe2 Be7 10. Kh1 O-O 11. e5 Nd5 12. Ne4 Nc6 13. Nxc6 Bxc6 14. f4 f5 15. exf6 Nxf6 16. Bd2 Qb7 17. Rae1 Kh8 18. Bb4 Bxb4 19. axb4 Nxe4 20. Bxe4 Bxe4 21. Qxe4 Qxe4 22. Rxe4 Rac8 23. c3 Rf5 24. Kg1 Kg8 25. Ra1 Rc6 26. Rd4 d6 27. Rad1 d5 28. g4 Rf6 29. Kg2 Rc4 30. Kg3 Rf8 31. Rxc4 bxc4 32. Ra1 Ra8 33. Ra5 Rb8 34. Rxa6 Kf7 35. h4 Rb5 36. h5 h6 37. Kf3 d4 38. Rc6 d3 39. Ke3 Rd5 40. Kd2 e5 41. Rxc4 exf4 42. Rxf4+ Ke6 43. Rd4 Re5 44. Kxd3 Re1 45. Re4+ 1-0


[Site "https://www.chess.com"]

[Event "Titled Tuesday Blitz May 23 Early 2023"]
[White "Brueckner, Thomas"]
[Black "Ynojosa Aponte, Felix Jose"]
[WhiteFideId "4600452"]
[BlackFideId "3900258"]
[WhiteElo "2322"]
[BlackElo "2413"]
[Result "1/2-1/2"]
[Round "05"]
[TimeControl "180+2"]
[Date "2023.05.23"]
[WhiteClock "0:00:09"]
[BlackClock "0:00:32"]

1. Nf3 Nf6 2. c4 c5 3. g3 Nc6 4. Bg2 e5 5. Nc3 d6 6. O-O Be7 7. e3 Be6 8. b3 d5 9. cxd5 Nxd5 10. Bb2 f6 11. d4 Nxc3 12. Bxc3 e4 13. Nh4 cxd4 14. exd4 f5 15. d5 Bxh4 16. dxe6 Qxd1 17. Raxd1 Bf6 18. Bxf6 gxf6 19. Rd7 Rb8 20. Bh3 Ne5 21. Rc7 f4 22. Rfc1 O-O 23. Bf5 e3 24. fxe3 fxe3 25. Kf1 Nc6 26. Bxh7+ Kh8 27. Be4 Nd4 28. Rh7+ Kg8 29. Rcc7 e2+ 30. Ke1 Nxe6 31. Bd5 Rfe8 32. Rcg7+ Kf8 33. Rf7+ Kg8 34. Rfg7+ Kf8 35. Rf7+ Kg8 36. Rfg7+ 1/2-1/2


[Site "https://www.chess.com"]

[Event "Titled Tuesday Blitz May 23 Early 2023"]
[White "Valle Maytin, Luis Enrique"]
[Black "Guz, Ari"]
[WhiteFideId "3503666"]
[BlackFideId "2825759"]
[WhiteElo "2225"]
[BlackElo "2205"]
[Result "0-1"]
[Round "05"]
[TimeControl "180+2"]
[Date "2023.05.23"]
[WhiteClock "0:00:07"]
[BlackClock "0:01:13"]

1. d4 f5 2. g4 d5 3. gxf5 Bxf5 4. Bg2 Nf6 5. Bf4 e6 6. Nd2 Bd6 7. Bg3 O-O 8. Ngf3 Nc6 9. c3 Ne4 10. Qb3 Rb8 11. Nxe4 Bxe4 12. Rg1 Qf6 13. O-O-O b5 14. a3 a5 15. Nd2 Bxg2 16. Rxg2 b4 17. axb4 axb4 18. Bxd6 cxd6 19. Qa4 bxc3 20. Qxc6 cxd2+ 21. Kxd2 Rxb2+ 22. Ke1 Rxe2+ 23. Kxe2 Qf3+ 24. Kd2 Qxg2 25. Kc3 Qxf2 26. Qxd6 Qe3+ 27. Rd3 Rc8+ 28. Kb2 Qe2+ 29. Ka1 Rc1# 0-1


[Site "https://www.chess.com"]

[Event "Titled Tuesday Blitz May 23 Early 2023"]
[White "Georg, Heinz"]
[Black "Wadsworth, Matthew J"]
[WhiteFideId "4607295"]
[BlackFideId "415804"]
[WhiteElo "2314"]
[BlackElo "2347"]
[Result "0-1"]
[Round "05"]
[TimeControl "180+2"]
[Date "2023.05.23"]
[WhiteClock "0:00:16"]
[BlackClock "0:00:30"]

1. e4 c5 2. Nf3 e6 3. b3 Nc6 4. Bb2 d6 5. d4 cxd4 6. Nxd4 Nf6 7. Bd3 Be7 8. O-O O-O 9. Nd2 a6 10. c4 Qc7 11. Rc1 Ne5 12. Bb1 b6 13. h3 Bb7 14. f4 Ned7 15. Qe2 Rac8 16. f5 e5 17. N4f3 Nc5 18. g4 Qc6 19. Rce1 h6 20. Kh2 b5 21. cxb5 Qxb5 22. Qg2 Nd3 23. Bxd3 Qxd3 24. Nc4 Rxc4 25. bxc4 Bxe4 26. Qe2 Qxe2+ 27. Rxe2 Bd3 28. Rfe1 Bxe2 29. Rxe2 Rc8 30. Nd2 Nd7 31. Ba3 Nb6 32. c5 dxc5 33. Ne4 Nc4 34. Bc1 Nd6 35. Nc3 Nb5 36. Nd5 Bd6 37. f6 gxf6 38. Nxf6+ Kg7 39. Ne4 Be7 40. Ng3 Nd4 41. Rxe5 Nf3+ 0-1


[Site "https://www.chess.com"]

[Event "Titled Tuesday Blitz May 23 Early 2023"]
[White "Fantinel, Thibault"]
[Black "Buscar, Michael"]
[WhiteFideId "663395"]
[BlackFideId "2603616"]
[WhiteElo "2316"]
[BlackElo "2010"]
[Result "1-0"]
[Round "05"]
[TimeControl "180+2"]
[Date "2023.05.23"]
[WhiteClock "0:00:15"]
[BlackClock "0:00:08"]

1. Nf3 d5 2. g3 Nf6 3. Bg2 e6 4. O-O c5 5. c4 Nc6 6. b3 Be7 7. Bb2 O-O 8. cxd5 exd5 9. d4 Ne4 10. Nbd2 Bf5 11. Nxe4 Bxe4 12. dxc5 Bxc5 13. Rc1 Bb6 14. Nd4 Qf6 15. Nxc6 Qxb2 16. Ne7+ Kh8 17. Nxd5 Bxd5 18. Bxd5 Rad8 19. Rc2 Qf6 20. e4 Rd7 21. Qg4 Rfd8 22. h4 g6 23. h5 Kg7 24. Kg2 Rxd5 25. exd5 Rxd5 26. hxg6 hxg6 27. Re2 Rg5 28. Qf3 Qxf3+ 29. Kxf3 Bc5 30. Rd1 b6 31. Kg2 a5 32. Rd3 Rf5 33. Rf3 Rd5 34. Rc2 f5 35. Rfc3 Kh6 36. Rc4 Kg5 37. Rh4 Kf6 38. Rh8 Re5 39. Rc8 Kg5 40. Rc6 Re7 41. Rc8 Kf6 42. Rf8+ Kg7 43. Rc8 Kf6 44. Rc6+ Kg5 45. a3 Bxa3 46. Rxb6 Bb4 47. Rcc6 Rh7 48. Rxg6+ Kh5 49. f3 Bc5 50. Rbc6 Bd4 51. Kh3 Be5 52. g4+ fxg4+ 53. fxg4# 1-0


[Site "https://www.chess.com"]